 Dungeon Crawl Stone Soup version 0.31-a0-1074-g0b22e4e0f1 (webtiles) character file.

Game seed: 1615570867270199513

319 BigPumpCobain the Ruffian (level 6, -5/51 HPs)
             Began as a Draconian Shapeshifter on Dec 4, 2023.
             Slain by Sigmund
             ... wielding a +0 scythe
              (8 damage)
             ... on level 4 of the Dungeon.
             The game lasted 00:04:34 (2603 turns).

BigPumpCobain the Ruffian (Draconian Shapeshifter)  Turns: 2603, Time: 00:04:35

Health: -5/51      AC:  6    Str: 18    XL:     6   Next: 21%
Magic:  6/6        EV: 12    Int: 10    God:
Gold:   100        SH:  0    Dex: 11    Spells: 5/5 levels left

rFire   . .          .
                       - Unarmed
rCold   . . .        (no shield)
rNeg    . . .        (body armour unavailable)
rPois   .            (helmet currently unavailable)
rElec   .            (cloak currently unavailable)
rCorr   .            (gloves currently unavailable)
SInv    .            (boots currently unavailable)
Will    .....        (no amulet)
Stlth   +            (no ring)
HPRegen 0.28/turn    (no ring)
MPRegen 0.10/turn

%: no passive effects
@: beast-form, hasted, very quick
A: beast (slay +2), AC +6, unfitting armour, cold-blooded
a: Begin Untransformation


You were on level 4 of the Dungeon.
You were a hulking beast.
You visited 1 branch of the dungeon, and saw 4 of its levels.

You collected 100 gold pieces.

Inventory:

Hand Weapons
 k - a +2 mace of holy wrath
Talismans
 b - a beast talisman
 c - a flux talisman
Scrolls
 h - 2 scrolls of poison {unknown}
 i - 4 scrolls of identify {unknown}
 j - 2 scrolls of revelation {unknown}
 n - 2 scrolls of brand weapon {unknown}
 o - a scroll of teleportation {unknown}
 p - a scroll of immolation {unknown}
 q - a scroll of vulnerability {unknown}
Potions
 e - 4 potions of heal wounds {unknown}
 f - 4 potions of curing {unknown}
 g - a potion of might {unknown}
 l - a potion of invisibility {unknown}
 m - a potion of enlightenment {unknown}
 r - a potion of mutation {unknown}


   Skills:
 + Level 3.1 Fighting
 + Level 3.0 Dodging
 * Level 4.9 Unarmed Combat
 + Level 3.9 Shapeshifting


You had 5 spell levels left.
You didn't know any spells.
Your spell library contained the following spells:

 Spells                   Type           Power      Damage    Failure   Level
 Freeze                   Ice            0%         1d3       36%         1
 Sandblast                Erth           0%         2d4       36%         1
 Passwall                 Tmut/Erth      0%         N/A       50%         2
 Frozen Ramparts          Ice            0%         1d1       75%         3
 Hailstorm                Conj/Ice       0%         3d3       75%         3
 Ignite Poison            Fire/Tmut/Pois 0%         N/A       75%         3
 Stone Arrow              Conj/Erth      0%         3d7       75%         3
 Brom's Barrelling Bould  Conj/Erth      0%         2d3       98%         4
 Sticky Flame             Conj/Fire      0%         2d3       98%         4
 Ignition                 Fire           0%         3d3       100%        8


Dungeon Overview and Level Annotations

Branches:
Dungeon (4/15)
 Temple: D:4-7

Altars:

Annotations:
D:4 Sigmund


Innate Abilities, Weirdness & Mutations

You are a hulking beast.
Your limbs bulge with bestial killing power. (Slay +2)
Your plain brown scales are hard. (AC +6)
You cannot fit into any form of body armour.
You are cold-blooded and may be slowed by cold attacks.


Message History

Sigmund gestures at you while chanting. You resist with some effort.
Sigmund hits you but does no damage. The orc misses you. The orc misses you.
Sigmund casts a spell at you.
You are confused.
The orc barely misses you.
You closely miss Sigmund.
Sigmund is moderately wounded.
Sigmund casts a spell.
Sigmund flickers and vanishes!
Deactivating autopickup; reactivate with Ctrl-A.
The orc closely misses you.
The orc hits you from afar with a +0 trident!
You bump into the rock wall.
Something hits you but does no damage. The orc barely misses you.
The orc closely misses you.
You hit the orc. You tail-slap the orc.
The orc is heavily wounded.
The orc hits you but does no damage. The orc misses you. Something hits you.
The orc hits you but does no damage. x2
You hit the orc. You tail-slap the orc.
You kill the orc!
Something hits you! The orc hits you with a +0 trident.
You miss the orc. The orc closely misses you. Something hits you!
* * * LOW HITPOINT WARNING * * *
You completely miss the orc. You tail-slap the orc.
The orc is lightly wounded.
You feel less confused.
You hit the orc.
You kill the orc!
Something hits you!
* * * LOW HITPOINT WARNING * * *
You feel yourself speed up. Something hits you.
* * * LOW HITPOINT WARNING * * *
Things that are here:
a +0 dagger; a +0 leather armour; an orc corpse You barely miss something.
You punch something! Something hits you!
You die...

####.#.........
#.##........
####........
#........
#........
#......#.
####.....##
###.{.##..##
#..h...#.....
##.)..........
###....####..
#.##.# .. ...
..# .!...##
....#.! .####..


There were no monsters in sight!

Vanquished Creatures
  Grinder (D:3)
  An orc priest (D:3)
  2 adders
  3 worms (D:3)
  3 dart slugs
  4 orcs
  3 ball pythons
  6 bats
  4 endoplasms
  A giant cockroach (D:1)
  8 goblins
  8 hobgoblins
  4 quokkas
  2 frilled lizards
  4 kobolds
  5 rats
59 creatures vanquished.

Notes
Turn   | Place    | Note
-------+----------+-------------------------------------------
     0 | D:1      | BigPumpCobain the Draconian Shapeshifter began the quest
                  | for the Orb.
     0 | D:1      | Reached XP level 1. HP: 16/16 MP: 1/1
   163 | D:1      | Reached XP level 2. HP: 23/23 MP: 2/2
   491 | D:1      | Reached XP level 3. HP: 23/29 MP: 3/3
  1041 | D:2      | Found a faded altar of an unknown god.
  1835 | D:3      | Reached skill level 4 in Unarmed Combat
  1835 | D:3      | Reached XP level 4. HP: 4/36 MP: 4/4
  2274 | D:3      | Noticed Grinder
  2281 | D:3      | Paralysed by Grinder for 5 turns
  2300 | D:3      | Killed Grinder
  2301 | D:3      | Reached XP level 5. HP: 18/45 MP: 5/5
  2301 | D:3      | Reached XP level 6. HP: 20/51 MP: 6/6
  2577 | D:4      | Noticed Sigmund
  2601 | D:4      | HP: 2/51 [something (6)]
  2603 | D:4      | Slain by Sigmund

Illustrated notes

Levels and vault maps discovered:
D:1:      tarquinn_simple_flora_water_f, layout_rooms, serial_forest,
          infiniplex_forest_lined_3, infiniplex_forest_zigzag_1,
          infiniplex_forest_lined_3_way, infiniplex_forest_straight_3,
          infiniplex_forest_pool, infiniplex_forest_lined_room_2,
          infiniplex_forest_lined_3, minivault_25
D:2:      layout_loops_corners, ebering_ecumenical_altar_sacrificial
D:3:      layout_rooms, st_stairs_14, chequers_decorated_corner,
          chequers_serial_rivers_small_3, minmay_fractal_squares_gapless_5,
          uniq_grinder
D:4:      layout_cave_pools, minmay_box_of_dots, uniq_sigmund

Skill      XL: |  1  2  3  4 |
---------------+-------------+-----
Dodging        | 2 3 |  3.0
Fighting       | 2 3 |  3.1
Unarmed Combat | 4 |  4.9
Shapeshifting  | |  3.9

Action                     |  1- 3 |  4- 6 || total
---------------------------+-------+-------++-------
  Melee: Unarmed           |   128 |    61 ||   189
         Tailslap          |    16 |     6 ||    22
         Punch             |     4 |     2 ||     6
    Use: Potion            |     1 |     2 ||     3
   Stab: Distracted        |     1 |       ||     1
         Sleeping          |     1 |       ||     1
 Armour: Skin              |    48 |    52 ||   100
  Dodge: Dodged            |    77 |    50 ||   127

Table legend: (Time is in decaauts)
 A = Elapsed time spent in this place.
 B = Non-inter-level travel time spent in this place.
 C = Inter-level travel time spent in this place.
 D = Time resting spent in this place.
 E = Time spent auto-exploring this place.
 F = Levels seen in this place.
 G = Mean time per level.
                   A        B        C        D        E       F      G
               +--------+--------+--------+--------+--------+-----+--------+
         Total |   2574 |   2493 |     81 |      0 |   2117 |   4 |  643.5 |
       Dungeon |   2574 |   2493 |     81 |      0 |   2117 |   4 |  643.5 |
               +--------+--------+--------+--------+--------+-----+--------+

Top non-repeatable levels by time:
     D:3: 1054 daAuts
     D:2: 787 daAuts
     D:1: 691 daAuts
     D:4: 41 daAuts
